Map: Lerilak Crest

Players

marshmellow - Winner!

  • Race: Terran Terran
  • League: Gold

LilDicky

  • Race: Terran Terran
  • League: Diamond

VOD

http://www.twitch.tv/tumescentpie

Description

Time

  • Played on: Dec. 6, 2015, 3:56 p.m.
  • Length: 9:13
Show
View Real Time Build Order
Export as new Build Order

marshmellow Terran - Winner!

Build Orders:  

Get SALT Encoding   

  12  0:01  SCV  
  13  0:13  SCV  
  14  0:18  Supply Depot  
  14  0:25  SCV  
  15  0:39  SCV  
  16  0:46  Barracks  
  16  0:48  Refinery  
  16  0:51  SCV  
  17  1:03  SCV  
  18  1:16  SCV  
  19  1:28  SCV  
  20  1:34  Reaper  
  21  1:41  Command Center  
  21  1:47  Orbital Command  
  21  2:05  Marine  
  22  2:12  SCV  
  23  2:18  Factory  
  23  2:26  Supply Depot  
  23  2:47  SCV, Marine  
  23  2:49  Refinery  
  25  2:51  Engineering Bay  
  25  2:56  Orbital Command  
  24  2:59  SCV  
  24  3:04  Factory Reactor  
  25  3:08  Starport  
  25  3:09  Marine  
  25  3:11  SCV  
  27  3:18  Missile Turret  
  27  3:24  Barracks  
  27  3:25  Orbital Command  
  27  3:26  Barracks  
  27  3:28  SCV  
  28  3:39  Terran Infantry Weapons Level 1  
  28  3:40  SCV  
  29  3:42  Barracks Tech Lab  
  29  3:54  Medivac  
  29  3:55  SCV x2  
  33  4:03  Marine  
  33  4:07  SCV x2  
  36  4:11  Marine  
  36  4:14  Factory Tech Lab  
  37  4:17  Refinery  
  37  4:19  SCV x2, Viking  
  40  4:31  SCV  
  40  4:38  Missile Turret  
  40  4:39  SCV  
  40  4:41  Marine x2  
  40  4:42  Marine  
  40  4:43  SCV  
  45  4:51  SCV  
  44  4:54  Siege Tank  
  42  5:16  Marine x3  
  37  5:34  Marine  
  37  5:35  Marine x2  
  38  5:39  Stimpack, Orbital Command  
  39  5:52  Marine  
  39  5:53  Marine x2  
  42  6:00  SCV, Missile Turret  
  42  6:03  Medivac  
  45  6:09  Siege Tank, Marine  
  45  6:10  Marine  
  45  6:11  Supply Depot, Marine  
  50  6:12  Supply Depot  
  50  6:13  SCV  
  50  6:16  SCV  
  53  6:19  Terran Infantry Armor Level 1  
  53  6:22  Missile Turret  
  53  6:25  SCV  
  54  6:28  Barracks Reactor  
  54  6:29  Barracks Reactor  
  54  6:32  Marine  
  55  6:36  Supply Depot  
  55  6:39  Supply Depot  
  55  6:42  SCV x2  
  57  6:56  Marine  
  57  6:58  Medivac  
  57  6:59  Siege Tank  
  63  7:01  SCV  
  63  7:07  SCV  
  65  7:13  SCV  
  65  7:14  Marine  
  67  7:20  SCV  
  68  7:26  SCV  
  68  7:28  Marine  
  68  7:29  Marine x3  
  73  7:31  Marine  
  59  7:56  Marine x5  
  59  7:58  Siege Tank  
  65  7:59  Medivac x2  
  69  8:10  SCV  
  69  8:11  SCV  
  71  8:14  Marine x4  
  75  8:23  SCV  
  76  8:30  Siege Tank  
  79  8:34  Marine x4  
  79  8:35  Marine  
  79  8:39  Armory  
  79  8:40  SCV x2  
  86  8:43  Refinery  
  86  8:58  Supply Depot  
  86  8:59  Supply Depot  
  86  9:02  Supply Depot  
Show
View Real Time Build Order
Export as new Build Order

LilDicky Terran 

Build Orders: Banshee Rush 

Get SALT Encoding   

  12  0:03  SCV  
  13  0:15  SCV  
  13  0:18  Supply Depot  
  14  0:27  SCV  
  15  0:39  Refinery  
  15  0:40  SCV  
  16  0:45  Barracks  
  16  0:52  SCV  
  17  1:04  SCV  
  18  1:16  SCV  
  19  1:28  SCV  
  20  1:40  Marine  
  20  1:43  Orbital Command  
  20  1:45  Factory  
  20  1:46  Supply Depot  
  21  1:59  Marine  
  22  2:07  Refinery  
  22  2:09  SCV  
  23  2:16  Marine  
  24  2:27  SCV  
  25  2:32  Hellion, Starport  
  25  2:34  Marine  
  28  2:45  SCV  
  28  2:48  Supply Depot  
  29  3:01  Factory Tech Lab  
  28  3:09  SCV  
  28  3:10  Barracks Reactor  
  29  3:21  SCV  
  29  3:25  Cloaking Field, Engineering Bay  
  29  3:26  Banshee  
  33  3:31  Command Center  
  33  3:35  SCV  
  33  3:39  Factory Tech Lab  
  34  3:47  SCV  
  35  3:54  Missile Turret  
  35  3:58  Marine x2  
  35  3:59  SCV  
  38  4:11  Supply Depot, SCV  
  39  4:19  Siege Tank  
  39  4:22  Marine  
  39  4:23  Marine  
  44  4:38  Banshee  
  47  4:51  Siege Tank  
  43  5:31  SCV  
  43  5:32  Orbital Command  
  37  5:47  Marine  
  37  5:48  Siege Tank  
  37  5:49  Command Center, Banshee  
  39  5:51  SCV  
  39  5:54  Orbital Command  
  40  6:01  Factory  
  40  6:02  Refinery  
  40  6:04  SCV  
  41  6:06  Refinery  
  41  6:08  Marine  
  41  6:11  Marine  
  43  6:16  SCV  
  44  6:22  SCV, Barracks  
  44  6:24  Barracks  
  45  6:26  Marine  
  46  6:38  SCV, Banshee  
  46  6:39  SCV  
  51  6:43  Siege Tank  
  51  6:45  Marine  
  51  6:46  Marine  
  56  6:50  SCV  
  56  6:51  SCV  
  58  6:59  Factory Reactor  
  58  7:03  Missile Turret, Marine  
  58  7:05  SCV x2  
  58  7:07  Missile Turret  
  61  7:12  Missile Turret  
  61  7:17  SCV, Barracks Tech Lab  
  61  7:18  SCV, Barracks Tech Lab  
  61  7:19  Marine  
  64  7:29  SCV  
  64  7:30  SCV  
  47  7:52  Siege Tank  
  47  7:53  Hellion x2, Marine x3  
  47  7:54  Marine  
  57  8:01  Banshee  
  57  8:02  SCV  
  57  8:03  SCV  
  62  8:11  Marine x2  
  64  8:14  SCV  
  64  8:16  Command Center, Marine  
  64  8:17  SCV  
  67  8:37  Marine  
  67  8:38  SCV x2  
  70  8:47  Marine x3  
  76  8:53  SCV  
Tags
 
Add a new tag
Caveats
  • Supply blocks, unpowered buildings, or Contaminate may cause inaccurate times.
  • Supply counts are checked every 10 seconds.